 Dungeon Crawl Stone Soup version 0.17-a0-1572-g7a1422d (console) character file.

135487 FIQ the Basher (level 17, -14/96 HPs)
             Began as a Vine Stalker Wanderer on July 25, 2015.
             Was an Initiate of Gozag.
             Killed from afar by a deep elf conjurer (23 damage)
             ... with a bolt of negative energy
             ... on level 3 of the Elven Halls.
             The game lasted 03:16:39 (29094 turns).

FIQ the Basher (Vine Stalker Wanderer)             Turns: 29094, Time: 03:16:40

Health: -14/96     AC: 16    Str: 16    XL:     17   Next: 19%
Magic:  0/18       EV: 18    Int: 21    God:    Gozag
Gold:   150        SH: 16    Dex: 26    Spells: 2 memorised, 10 levels left

rFire  + + .     SeeInvis .     a - +10 mace {crush, rElec rPois Dex-2 Stlth-}
rCold  . . .     Clarity  .     N - +1 ring mail of Neataq {Int+5 Slay+5}
rNeg   . . .     SustAt   .     i - +2 shield
rPois  +         Gourm    .     y - -1 helmet (curse)
rElec  +         Spirit   +     Y - +2 cloak
rCorr  .         Warding  .     n - +1 pair of gloves
rMut   .         Stasis   .     c - +0 pair of boots
MR     +++..                    (no amulet)
Stlth  ++........               z - ring of Greed {rF+ MR+ Int+2 Dex+3 Slay+2}
                                G - ring "Motso" {rPois Slay+2}

@: agile, flying, very slightly contaminated, hasted, drained, very quick,
extremely resistant to hostile enchantments, unstealthy
A: fangs 3, clever 1, fire resistance 1, regeneration 3, magic shield, antimagic
bite, no device heal 3, rot immunity
a: Potion Petition, Call Merchant, Bribe Branch, Renounce Religion


You were on level 3 of the Elven Halls.
You worshipped Gozag.
Gozag was noncommittal.
You were not hungry.

You visited 5 branches of the dungeon, and saw 31 of its levels.
You also visited: Labyrinth, Sewer and Ice Cave.

You collected 12355 gold pieces.
You spent 1198 gold pieces at shops.
You paid 11007 gold pieces to Gozag.

Inventory:

Hand weapons
 a - the +10 mace of Curses (weapon) {crush, rElec rPois Dex-2 Stlth-}
   (You found it on level 8 of the Lair of Beasts)

   It inflicts extra damage upon your enemies.
   It affects your dexterity (-2).
   It insulates you from electricity.
   It protects you from poison.
   It makes you less stealthy.
 b - the +3 war axe "Vostrug" {drain, rElec rC+ rN+++ Int-4}
   (You took it off a deep elf mage on level 13 of the Dungeon)

   A truly terrible weapon, it drains the life of those it strikes.
   It affects your intelligence (-4).
   It protects you from cold.
   It insulates you from electricity.
   It renders you almost immune to negative energy.
 F - the +9 short sword "Xauruateg" {drain, rC+ MR+ Dex+3}
   (You found it on level 8 of the Dungeon)

   A truly terrible weapon, it drains the life of those it strikes.
   It affects your dexterity (+3).
   It protects you from cold.
   It affects your resistance to hostile enchantments.
 J - the cursed +3 dagger "Raanumus" {freeze, rPois rC++ Int+4}
   (You found it on level 9 of the Dungeon)

   It has been specially enchanted to freeze those struck by it, causing extra
   injury to most foes and up to half again as much damage against particularly
   susceptible opponents.
   It can also slow down cold-blooded creatures.
   It affects your intelligence (+4).
   It greatly protects you from cold.
   It protects you from poison.
   It has a curse placed upon it.
 T - the +8 scimitar of Unpleasantness {flame, rPois}
   (You found it on level 8 of the Lair of Beasts)

   It has been specially enchanted to burn those struck by it, causing extra
   injury to most foes and up to half again as much damage against particularly
   susceptible opponents.
   Big, fiery blades are also staple armaments of hydra-hunters.
   It protects you from poison.
Armour
 c - a +0 pair of boots (worn)
 i - a +2 shield (worn)
 n - a +1 pair of gloves (worn)
 w - a +0 fire dragon armour
 y - a cursed -1 helmet (worn)
 N - the +1 ring mail of Neataq (worn) {Int+5 Slay+5}
   (You found it in an ice cave)

   It affects your intelligence (+5).
   It affects your accuracy and damage with ranged weapons and melee attacks
   (+5).
 R - the -4 large shield of the Gloaming {rPois rC+ Str+3 Int+4}
   (You found it on level 4 of the Lair of Beasts)

   It affects your strength (+3).
   It affects your intelligence (+4).
   It protects you from cold.
   It protects you from poison.
 Y - a +2 cloak (worn)
Jewellery
 h - an uncursed ring of magical power
 t - an uncursed ring of positive energy
 z - the ring of Greed (right hand) {rF+ MR+ Int+2 Dex+3 Slay+2}
   (You bought it in a shop on level 13 of the Dungeon)

   [ring of dexterity]

   It affects your intelligence (+2).
   It affects your dexterity (+3).
   It affects your accuracy and damage with ranged weapons and melee attacks
   (+2).
   It protects you from fire.
   It affects your resistance to hostile enchantments.
 G - the ring "Motso" (left hand) {rPois Slay+2}
   (You found it in an ice cave)

   [ring of poison resistance]

   It affects your accuracy and damage with ranged weapons and melee attacks
   (+2).
   It protects you from poison.
 I - an uncursed ring of stealth
 K - an uncursed ring of flight
Magical devices
 e - a wand of hasting (3)
 m - a wand of random effects (23)
 r - a wand of cold (5)
 s - a wand of digging (8)
 v - a wand of teleportation (4)
 E - a wand of paralysis (7)
 P - a wand of enslavement (4)
 V - a wand of polymorph (18)
Scrolls
 f - 17 scrolls of remove curse
 g - 6 scrolls of recharging
 k - 3 scrolls of magic mapping
 o - 7 scrolls of identify
 p - 2 scrolls of enchant weapon
 B - 2 scrolls of summoning
 H - 3 scrolls of fear
 M - a scroll of blinking
 O - 2 scrolls of teleportation
 U - a scroll of amnesia
 W - 4 scrolls of fog
Potions
 d - 8 potions of flight
 l - 8 potions of curing
 x - 4 potions of lignification
 D - a potion of might
 Q - a potion of agility
 Z - 2 potions of brilliance
Miscellaneous
 j - a phantom mirror
 X - a plain deck of escape {drawn: 2}
Comestibles
 q - 11 meat rations
 L - 7 bread rations
 S - 18 royal jellies


   Skills:
 + Level 13.8(13.0) Fighting
 + Level 14.2(13.4) Maces & Flails
   Level 1.7(1.1) Polearms
 + Level 12.3(11.5) Armour
 - Level 4.0(3.4) Dodging
 - Level 3.6(2.9) Stealth
 + Level 13.4(12.5) Shields
 + Level 3.2(2.5) Charms


You had 10 spell levels left.
You knew the following spells:

 Your Spells              Type           Power        Failure   Level  Hunger
a - Regeneration          Chrm/Necr      #.........   78%         3    ####...
b - Spectral Weapon       Hex/Chrm       #.......     78%         3    ####...


Dungeon Overview and Level Annotations

Branches:
Dungeon (15/15)            Temple (1/1) D:4            Lair (8/8) D:11
  Swamp (0/4) Lair:4        Snake (0/4) Lair:5        Slime (0/6) Lair:7
    Orc (4/4) D:11            Elf (3/3) Orc:3        Vaults (0/5) D:13
 Depths (0/5) D:15

Altars:
Ashenzari
Cheibriados
Dithmenos
Elyvilon
Fedhas
Gozag
Kikubaaqudgha
Makhleb
Nemelex Xobeh
Okawaru
Qazlal
Ru
Trog
Vehumet
Xom
Yredelemnul
Zin
The Shining One

Shops:
D:6 }   D:12 (   D:13 =   Orc:1 :   Orc:4 %[%}

Portals:
Pandemonium: Orc:4
Trove: D:13 (give +2 gold dragon armour)

Annotations:
D:5 Dowan, Duvessa
Elf:2 3 runed doors, Jorgrun, Nikola
Elf:3 Kirke


Innate Abilities, Weirdness & Mutations

You have razor-sharp teeth.
You regenerate.
When hurt, damage is shared between your health and your magic reserves.
Your bite disrupts and absorbs the magic of your enemies.
Potions and wands cannot restore your health.
You are immune to rotting.
Your mind is acute. (Int +2)
Your flesh is heat resistant.


Message History

Your harpy claws the deep elf knight.
The deep elf knight dies!
Your harpy claws the deep elf conjurer!
Your harpy barely misses the deep elf conjurer.
The deep elf conjurer gestures at you while chanting.
The bolt of fire hits you! You resist.
* * * LOW HITPOINT WARNING * * *
Kirke hits the deep elf mage.
Your harpy closely misses the deep elf conjurer.
Your harpy claws the deep elf conjurer.
The deep elf mage gestures wildly while chanting.
The deep elf mage blinks!
Your harpy closely misses the deep elf mage.
Your harpy claws the deep elf mage.
The deep elf mage dies!
The deep elf fighter barely misses your harpy.
The deep elf conjurer gestures at you while chanting.
The bolt of negative energy hits you!
You feel drained.
You die...
Your body crumbles into a pile of gold.

#######++###########
≈≈≈≈≈≈≈.%≈≈≈≈≈≈≈≈≈≈## #
≈≈≈≈≈≈≈§.≈≈≈≈≈≈≈≈≈≈≈#####
......@...........≈≈≈≈≈≈≈
......$...(.........≈≈≈≈≈
......HH..(..............
.....ee§.(...............
###.####@######.#########
# #.# ##.###### +##+#
##.## #..### ##...###.##
#....### ##.....#@##
#e.....#
##.....(.#######.......
#......[..'....'.......
#.........######.......
#.........# #......'
##.......## #.....##
##.....#+ #..##+##


You could see a deep elf conjurer, a deep elf fighter, the friendly Kirke
(unaware) and 2 friendly harpies.

Vanquished Creatures
  Agnes (Elf:1)
  A fire giant (D:15)
  A minotaur (Lab)
  A deep elf high priest (Elf:1)
  Fannar (Lair:2)
  9 hydras
  2 centaur warriors (D:13)
  Harold (Lair:3)
  Erica (Lair:2)
  2 catoblepae
  18 death yaks
  A queen ant (Lair:5)
  8 orc high priests (Orc:4)
  Urug (Lair:2)
  5 deep elf knights
  The ghost of Monkaria the Cleaver, an experienced DDBe of Trog (D:8)
  9 skeletal warriors
  2 unseen horrors (D:12)
  4 deep elf summoners
  An infernal demonspawn (Orc:4)
  2 wizards
  4 hill giants
  3 ice statues (IceCv)
  4 cyclopes
  The ghost of Crag the Skirmisher, an experienced HuAr of Nemelex Xobeh (D:5)
  5 orc knights (Orc:4)
  4 orc sorcerers
  5 deep elf conjurers
  A sixfirhy (Orc:4)
  5 manticores
  A wolf spider (Lair:8)
  9 black mambas
  2 griffons
  A rust devil (Orc:4)
  14 ugly things
  10 elephants (Lair:8)
  Joseph (D:10)
  A guardian serpent (Lair:8)
  2 torpor snails
  17 spiny frogs
  6 centaur skeletons
  2 orange demons (Orc:4)
  2 kobold demonologists (D:13)
  A queen bee (Lair:4)
  The ghost of trantor the Archer, an experienced HEHu of Okawaru (D:4)
  2 guardian mummies (D:13)
  3 fire drakes
  11 komodo dragons
  6 deep elf priests (Elf:1)
  10 trolls
  A two-headed ogre (D:10)
  A freezing wraith (D:11)
  10 blink frogs
  2 trapdoor spider zombies
  A chaos spawn (Orc:4)
  A centaur simulacrum (D:15)
  49 yaks
  15 deep elf magi
  2 wyverns
  5 deep elf fighters
  A redback (Lair:8)
  5 hungry ghosts
  4 hogs (Elf:1)
  A hill giant zombie (D:11)
  A hog (shapeshifter) (D:13)
  13 hippogriffs
  2 shadows
  4 basilisks
  A mottled dragon (D:14)
  9 ogres
  A vampire mosquito (D:7)
  A swamp worm (Lair:4)
  2 wargs
  A soldier ant (shapeshifter) (D:15)
  20 soldier ants (Lair:5)
  18 wolves
  10 porcupines
  2 nagas (Lair:5)
  3 sky beasts
  19 water moccasins
  7 spiders (Lair:8)
  A hornet simulacrum (D:14)
  3 necrophages
  18 ice beasts
  6 black bears
  17 centaurs
  25 orc warriors
  16 crocodiles
  5 phantoms
  6 big kobolds
  2 wasps (Lair:8)
  An elf zombie (D:7)
  A wyvern zombie (D:11)
  An elf skeleton (D:7)
  4 scorpions
  29 giant frogs
  A wyvern skeleton (D:13)
  2 troll zombies (D:11)
  45 killer bees
  20 wights
  A troll skeleton (D:7)
  2 electric eels
  9 crimson imps
  A quasit (D:11)
  4 human zombies (D:7)
  29 orc wizards
  A centaur zombie (D:5)
  A giant frog zombie (D:9)
  11 hounds
  3 giant frog skeletons
  7 jellies
  34 orc priests
  Terence (D:2)
  12 iguanas
  32 worker ants
  A statue (D:4)
  16 sheep
  5 ogre zombies (D:11)
  An ogre skeleton (D:7)
  A mummy (D:7)
  3 worker ant zombies
  4 gnolls (D:3)
  21 adders
  18 river rats
  2 shadow imps
  An ooze (D:2)
  4 worms
  An adder skeleton (D:4)
  6 giant geckos
  164 orcs
  A bat skeleton (D:7)
  6 giant cockroaches
  2 gnoll zombies (D:4)
  16 hobgoblins
  9 jackals
  4 quokkas
  A ball python (D:2)
  11 bats
  A giant gecko skeleton (D:4)
  7 giant newts
  16 goblins
  A goblin skeleton (D:11)
  2 goblin zombies (D:11)
  A hobgoblin skeleton (D:11)
  6 hobgoblin zombies (D:11)
  31 kobolds
  An orc skeleton (D:11)
  14 orc zombies (D:11)
  21 rats
1168 creatures vanquished.

Vanquished Creatures (collateral kills)
  Roxanne (Elf:3)
  2 deep elf knights (Elf:3)
  A deep elf priest (Elf:2)
  2 deep elf fighters
  A deep elf mage (Elf:3)
  A centaur (D:5)
  A shadow imp (D:5)
9 creatures vanquished.

Vanquished Creatures (others)
  3 deep elf knights
  2 deep elf magi (Elf:2)
  2 deep elf fighters (Elf:2)
  A quokka (D:6)
  A kobold (D:6)
  47 fungi
  35 plants
91 creatures vanquished.

Grand Total: 1268 creatures vanquished

Notes
Turn   | Place    | Note
--------------------------------------------------------------
     0 | D:1      | FIQ the Vine Stalker Wanderer began the quest for the Orb.
     0 | D:1      | FIQ set off with: a +2 dagger, a potion of berserk rage, a +0 ring mail, a +0 mace, a bread ration
     0 | D:1      | Reached XP level 1. HP: 9/9 MP: 2/2
   269 | D:1      | Reached XP level 2. HP: 14/14 MP: 3/3
   434 | D:2      | Noticed Terence
   454 | D:2      | Killed Terence
   454 | D:2      | Reached skill level 1 in Fighting
   454 | D:2      | Reached XP level 3. HP: 14/18 MP: 4/4
   629 | D:2      | Reached XP level 4. HP: 23/23 MP: 5/5
   677 | D:2      | Found a snail-covered altar of Cheibriados.
   980 | D:3      | Found a glowing golden altar of the Shining One.
   992 | D:3      | Found a shimmering altar of Xom.
  1032 | D:3      | Found a shadowy altar of Dithmenos.
  1081 | D:3      | HP: 1/23 [gnoll (2)]
  1226 | D:3      | Reached XP level 5. HP: 19/26 MP: 4/6
  1434 | D:3      | Found an opulent altar of Gozag.
  1444 | D:3      | Became a worshipper of Gozag Ym Sagoz the Greedy
  1792 | D:4      | Gained mutation: You heal very quickly. [Vine Stalker growth]
  1792 | D:4      | Reached XP level 6. HP: 32/32 MP: 7/7
  1846 | D:4      | Reached skill level 4 in Maces & Flails
  2092 | D:4      | Found a basalt altar of Yredelemnul.
  2120 | D:4      | Reached XP level 7. HP: 36/36 MP: 8/8
  2191 | D:4      | Noticed trantor's ghost (experienced HEHu)
  2205 | D:4      | Killed trantor's ghost
  2205 | D:4      | Reached skill level 5 in Maces & Flails
  2269 | D:4      | Found a staircase to the Ecumenical Temple.
  2402 | D:4      | Found a radiant altar of Vehumet.
  2686 | D:4      | Reached skill level 1 in Armour
  2686 | D:4      | Gained mutation: You have razor-sharp teeth. [Vine Stalker growth]
  2686 | D:4      | Reached XP level 8. HP: 38/42 MP: 9/9
  3032 | D:5      | Entered Level 5 of the Dungeon
  3151 | D:5      | Reached skill level 5 in Fighting
  3196 | D:5      | Noticed Crag's ghost (experienced HuAr)
  3272 | D:5      | Noticed Dowan
  3273 | D:5      | Noticed Duvessa
  3288 | Temple   | Entered the Ecumenical Temple
  3405 | D:5      | Killed Crag's ghost
  3405 | D:5      | Reached skill level 6 in Maces & Flails
  3405 | D:5      | Reached XP level 9. HP: 47/47 MP: 10/10
  3542 | D:6      | Found a white marble altar of Elyvilon.
  3804 | D:6      | Found a glowing drain.
  3838 | Sewer    | Entered a sewer
  3986 | Sewer    | Found a white marble altar of Elyvilon.
  4149 | D:6      | Found a sparkling altar of Nemelex Xobeh.
  4182 | D:6      | Found Haedigo's Quality Used Wands.
  4391 | D:7      | Noticed a cyclops
  4396 | D:7      | Noticed a five-headed hydra
  4409 | D:7      | Killed a five-headed hydra
  4409 | D:7      | Reached skill level 7 in Maces & Flails
  4435 | D:7      | Reached XP level 10. HP: 53/53 MP: 11/11
  4464 | D:7      | Killed a cyclops
  4464 | D:7      | Reached skill level 5 in Shields
  4538 | D:7      | Got a dazzling trident
  4539 | D:7      | Identified the cursed +0 trident "Kout" {elec, rElec rF+ rN+++ MR-} (You found it on level 7 of the Dungeon)
  5225 | D:7      | Reached skill level 5 in Armour
  5229 | D:7      | Found a basalt altar of Yredelemnul.
  5663 | D:7      | Found an ancient bone altar of Kikubaaqudgha.
  5878 | D:7      | Reached skill level 8 in Maces & Flails
  5961 | D:8      | Found a sacrificial altar of Ru.
  6095 | D:8      | Got a shimmering short sword
  6096 | D:8      | Identified the +9 short sword "Xauruateg" {drain, rC+ MR+ Dex+3} (You found it on level 8 of the Dungeon)
  6354 | D:8      | Found a stormy altar of Qazlal.
  6453 | D:8      | Noticed Monkaria's ghost (experienced DDBe)
  6472 | D:8      | Killed Monkaria's ghost
  6755 | D:9      | Got a crystal dagger
  6756 | D:9      | Identified the cursed +3 dagger "Raanumus" {freeze, rPois rC++ Int+4} (You found it on level 9 of the Dungeon)
  6913 | D:9      | Reached XP level 11. HP: 59/59 MP: 12/12
  7093 | D:9      | Found a shattered altar of Ashenzari.
  7682 | D:10     | Entered Level 10 of the Dungeon
  8103 | D:10     | Noticed Joseph
  8141 | D:10     | Killed Joseph
  8433 | D:10     | Reached skill level 9 in Maces & Flails
  8468 | D:10     | Noticed a hill giant
  8481 | D:10     | Killed a hill giant
  8487 | D:10     | Gained mutation: Your mind is acute. (Int +2) [potion of beneficial mutation]
  8506 | D:10     | Gained mutation: Your flesh is heat resistant. [potion of beneficial mutation]
  8691 | D:11     | Found a staircase to the Orcish Mines.
  9233 | D:11     | Found a staircase to the Lair.
  9744 | Lair:1   | Entered Level 1 of the Lair of Beasts
  9828 | Lair:1   | Gained mutation: You regenerate. [Vine Stalker growth]
  9828 | Lair:1   | Reached XP level 12. HP: 56/65 MP: 13/13
  9869 | Lair:1   | Noticed a four-headed hydra
  9884 | Lair:1   | Killed a four-headed hydra
 10658 | Lair:2   | Noticed Erica
 10670 | Lair:2   | Killed Erica
 10680 | Lair:2   | Noticed Fannar
 10713 | Lair:2   | Killed Fannar
 10713 | Lair:2   | Reached skill level 10 in Maces & Flails
 11476 | Lair:2   | Noticed Urug
 11543 | Lair:2   | Killed Urug
 11713 | Lair:3   | Noticed a catoblepas
 11741 | Lair:3   | Killed a catoblepas
 12165 | Lair:3   | Noticed Harold
 12182 | Lair:3   | Killed Harold
 12182 | Lair:3   | Reached skill level 10 in Fighting
 12182 | Lair:3   | Reached XP level 13. HP: 60/72 MP: 14/14
 13114 | Lair:4   | Got a polished large shield
 13125 | Lair:4   | Identified the -4 large shield of the Gloaming {rPois rC+ Str+3 Int+4} (You found it on level 4 of the Lair of Beasts)
 13441 | Lair:4   | Found a staircase to the Swamp.
 14311 | Lair:5   | Reached skill level 11 in Maces & Flails
 14520 | Lair:5   | Reached skill level 10 in Shields
 15149 | Lair:5   | Found a staircase to the Snake Pit.
 15814 | Lair:6   | Reached XP level 14. HP: 70/79 MP: 15/15
 16773 | Lair:7   | Found a staircase to the Slime Pits.
 17393 | Lair:7   | Reached skill level 12 in Maces & Flails
 17562 | Lair:8   | Entered Level 8 of the Lair of Beasts
 17830 | Lair:8   | Reached skill level 10 in Armour
 17876 | Lair:8   | Got a dazzling mace
 17877 | Lair:8   | Identified the +10 mace of Curses {crush, rElec rPois Dex-2 Stlth-} (You found it on level 8 of the Lair of Beasts)
 18421 | Lair:8   | Got a faintly glowing scimitar
 18427 | Lair:8   | Identified the +8 scimitar of Unpleasantness {flame, rPois} (You found it on level 8 of the Lair of Beasts)
 18469 | Lair:8   | Reached XP level 15. HP: 58/84 MP: 16/16
 18765 | Lair:8   | Got a spiked ring mail
 18766 | Lair:8   | Identified the cursed +0 ring mail of Xeutzop {rPois} (You found it on level 8 of the Lair of Beasts)
 19675 | Orc:1    | Entered Level 1 of the Orcish Mines
 19767 | Orc:1    | Found Aleik's Book Shop.
 20777 | Orc:3    | Found a staircase to the Elven Halls.
 21084 | Orc:4    | Entered Level 4 of the Orcish Mines
 21428 | Orc:4    | Found Ciynn's Food Emporium.
 21431 | Orc:4    | Found Luunwuby's Food Shoppe.
 22090 | Orc:4    | Reached skill level 13 in Maces & Flails
 22425 | Orc:4    | Found Ovoylig's Antique Armour Boutique.
 22425 | Orc:4    | Found Unlughag's Gadget Shop.
 22425 | Orc:4    | Found a one-way gate leading to the halls of Pandemonium.
 22433 | Orc:4    | Bought a jewelled scale mail for 270 gold pieces
 22433 | Orc:4    | Bought a transparent leather armour for 210 gold pieces
 22433 | Orc:4    | Identified the +0 scale mail "Quhoje" {+Fly rElec} (You bought it in a shop on level 4 of the Orcish Mines)
 22434 | Orc:4    | Identified the +2 leather armour "Iqomuid" {+Inv Str-5 Stlth+} (You bought it in a shop on level 4 of the Orcish Mines)
 22746 | D:12     | Found Paemid's Antique Weapon Emporium.
 22837 | D:12     | Found a frozen archway.
 22920 | IceCv    | Entered an ice cave
 23093 | IceCv    | Got a crude golden ring
 23095 | IceCv    | Identified the ring "Motso" {rPois Slay+2} (You found it in an ice cave)
 23106 | IceCv    | Got a translucent ring mail
 23107 | IceCv    | Identified the +1 ring mail of Neataq {Int+5 Slay+5} (You found it in an ice cave)
 23258 | D:12     | Found a labyrinth entrance.
 23267 | Lab      | Entered a labyrinth
 23602 | Lab      | Reached XP level 16. HP: 59/90 MP: 17/17
 23606 | Lab      | Identified the Tome of Cankerous Darkness
 24103 | D:12     | Got a pitted war axe
 24104 | D:12     | Identified the cursed +1 war axe of Gluttony {drain, rN+} (You found it on level 12 of the Dungeon)
 24954 | D:13     | Found a portal to a secret trove of treasure.
 25230 | D:13     | Found Looniy's Jewellery Boutique.
 25238 | D:13     | Bought the ring of Greed {rF+ MR+ Int+2 Dex+3 Slay+2} for 718 gold pieces
 25440 | D:13     | Found a gate to the Vaults.
 25541 | D:13     | Got a brightly glowing war axe {drain}
 25542 | D:13     | Identified the +3 war axe "Vostrug" {drain, rElec rC+ rN+++ Int-4} (You took it off a deep elf mage on level 13 of the Dungeon)
 25940 | D:14     | Found a glowing golden altar of the Shining One.
 26371 | D:15     | Entered Level 15 of the Dungeon
 26625 | D:15     | Learned a level 3 spell: Regeneration
 26629 | D:15     | Learned a level 3 spell: Spectral Weapon
 26774 | D:15     | Found a staircase to the Depths.
 26838 | D:15     | Reached skill level 14 in Maces & Flails
 27121 | D:15     | Reached skill level 1 in Charms
 27771 | Elf:1    | Entered Level 1 of the Elven Halls
 27771 | Elf:1    | Noticed Agnes
 27778 | Elf:1    | Killed Agnes
 27936 | Elf:1    | Reached XP level 17. HP: 91/96 MP: 18/18
 28156 | Elf:1    | Noticed Kirke
 28519 | Elf:2    | Found a runed gate.
 28519 | Elf:2    | Found a runed gate.
 28542 | Elf:2    | Noticed Jorgrun
 28562 | Elf:2    | Noticed Nikola
 28687 | Elf:2    | Found a runed gate.
 28732 | Elf:3    | Entered Level 3 of the Elven Halls
 28732 | Elf:3    | Noticed Roxanne
 28746 | Elf:3    | Killed Roxanne
 28766 | Elf:3    | Identified Roxanne's Incunabulum of Clay and Moulding (You took it off Roxanne on level 3 of the Elven Halls)
 29094 | Elf:3    | Killed from afar by a deep elf conjurer

Vault maps used:
D:1:      matt_arrival_refuge
D:2:      lemuel_coloured_pillars_altar, uniq_terence
D:3:      nicolae_overflow_crystal_walls, xom_butterflies, tso_metal_star,
          nrook_mini_vaults, nicolae_gozag_seed_capital
D:4:      lemuel_zombie_altar_yredelemnul, vehumet_statue,
          minmay_temple_entry_from_below_a, first_bread
D:5:      minmay_opposing_rooms, lemuel_blue_sif_altar, uniq_duvessa
D:6:      elyvilon_altar_4, lemuel_doored_altar, gup_sewer_entry_bubbles,
          nicolae_for_you_no_charge
D:7:      hangedman_cross_stitches, kiku_gazebo_pond_becter,
          lemuel_mausoleum_altar_yredelemnul
D:8:      nicolae_qazlal_eye_of_the_storm, kennysheep_mini_moat
D:9:      overflow_temple_1_default
D:10:     uniq_joseph
D:11:     lair_0_dummy, zombieorc2_lemuel
D:12:     lab_entry_generic, portal_ice_cave_entry_ice_beasts
D:13:     hangedman_vaults_entry_quadrant_bands,
          nicolae_trove_entry_path_of_doom
D:14:     basic_altar
D:15:     grunt_enter_depths_giant_problem
Temple:   circular_temple_6
Lair:1:   lemuel_another_geyser, grunt_megastairs_2
Lair:2:   uniq_fannar, uniq_erica, uniq_urug
Lair:3:   uniq_harold
Lair:4:   minmay_swamp_entry_worms, special_room
Lair:5:   minmay_snake_entry_guardpost_small, serial_bayou_pond_e, minivault_29,
          lemuel_fruit_tree, serial_bayou_shore_b
Lair:6:   grunt_forest_large_clearings, lemuel_fruit_fields
Lair:7:   dpeg_slime_entry_corner
Lair:8:   hangedman_lair_tendril_chambers
Orc:1:    serial_shops, shop
Orc:3:    nicolae_orc_pool_cavern, uniq_sonja
Orc:4:    pf_orc_diabolical
Elf:1:    minmay_elf_arrival_plus, kennysheep_underground_church, uniq_agnes,
          uniq_kirke, uniq_asterion
Elf:2:    item_on_display_a, uniq_nikola, uniq_norris, uniq_jorgrun
Elf:3:    grunt_elf_hall_branching, special_room, uniq_roxanne
Lab:      labyrinth_watery
Sewer:    sewer_kobolds
IceCv:    ice_cave_statue_garden_02

Action                   |  1- 3 |  4- 6 |  7- 9 | 10-12 | 13-15 | 16-18 || total
-------------------------+-------+-------+-------+-------+-------+-------++-------
Melee: Mace              |    26 |       |       |       |  1218 |   542 ||  1786
       Flail             |    16 |   201 |   314 |  1189 |  1223 |       ||  2943
       War axe           |       |       |       |       |       |     4 ||     4
Invok: Potion Petition   |       |     1 |     1 |     2 |    10 |     3 ||    17
       Call Merchant     |       |       |       |       |     2 |       ||     2
       Bribe Branch      |       |       |       |       |       |     1 ||     1
Evoke: Wand              |       |       |     3 |       |       |       ||     3
       Deck              |       |       |       |       |       |     2 ||     2
  Use: Potion            |     7 |     1 |     2 |     7 |     9 |     3 ||    29
       Scroll            |     2 |     8 |     2 |     8 |    12 |     5 ||    37
 Stab: Distracted        |       |     1 |     1 |     7 |    25 |     7 ||    41
       Sleeping          |       |       |     1 |    14 |     7 |       ||    22
       Invisible         |       |       |       |       |    38 |       ||    38
  Eat: Chunk             |       |     3 |       |       |       |       ||     3
       Beef jerky        |       |     1 |     1 |     1 |     1 |     2 ||     6
       Pizza             |       |     1 |       |     1 |     2 |       ||     4
       Meat ration       |       |       |     2 |     1 |     1 |       ||     4
       Fruit             |       |       |       |    13 |    31 |     9 ||    53
       Bread ration      |       |       |       |     3 |     2 |     1 ||     6
